 Dungeon Crawl Stone Soup version 0.32-a0-473-gd044c6f0f0 (webtiles) character file.

Game seed: 12208875860239943481

26696 ezpacito the Trooper (level 13, -4/147 HPs)
             Began as a Demonspawn Chaos Knight on Feb 26, 2024.
             Was a Plaything of Xom.
             Slain by a vault guard
             ... wielding a +0 great mace
              (14 damage)
             ... on level 13 of the Dungeon.
             The game lasted 00:28:39 (13050 turns).

ezpacito the Trooper (Demonspawn Chaos Knight)     Turns: 13050, Time: 00:28:40

Health: -4/147     AC: 30    Str: 11    XL:     13   Next: 0%
Magic:  22/22      EV:  2    Int: 11    God:    Xom [..*...]
Gold:   330        SH:  0    Dex: 21    Spells: 4/25 levels left

rFire   . . .        l - +2 executioner's axe (chaos)
rCold   . . .        (shield currently unavailable)
rNeg    . . .        v - melded +4 robe of Augmentation {Str+4 Int+4 Dex+4}
rPois   +            (helmet currently unavailable)
rElec   .            b - melded +2 cloak
rCorr   .            (gloves currently unavailable)
SInv    +            (boots currently unavailable)
Will    .....        M - amulet of regeneration
Stlth   ++++         E - +4 ring of slaying
HPRegen 1.24/turn    s - +4 ring of protection
MPRegen 0.18/turn

%: no passive effects
@: agile, tree-form
A: stationary, stasis, torment immunity, boosted hp, (antennae 2), ignite blood
1, powered by pain 1, (weakness stinger 2), (demonic touch 2), (large bone
plates 1), thin skeletal structure 1, see invisible, agile 1, weak 2, (sturdy
frame 1)
a: Renounce Religion


You were on level 13 of the Dungeon.
You worshipped Xom.
You were a toy of Xom.
You were a tree.
You visited 2 branches of the dungeon, and saw 15 of its levels.
You also visited: Sewer, Ossuary and Bailey.

You collected 797 gold pieces.
You spent 467 gold pieces at shops.

Inventory:

Hand Weapons
 a - a +7 hand axe of chaos
 k - the +6 falchion "Nobbe" {pain, *Noise rF++ Str+3}
   (You found it on level 2 of the Dungeon)

   Str+3:     It affects your strength (+3).
   rF++:      It greatly protects you from fire.
   *Noise:    It may make a loud noise when swung.
 l - a +2 executioner's axe of chaos (weapon)
 t - the +3 Elemental Staff {ele, rElec rF+ rC+ AC+3}
   (You acquired it on level 11 of the Dungeon)

   AC+3:      It affects your AC (+3).
   rF+:       It protects you from fire.
   rC+:       It protects you from cold.
   rElec:     It insulates you from electricity.
 L - a +3 halberd of flaming
Missiles
 q - 3 throwing nets
 r - 41 poisoned darts (quivered)
 z - a curare-tipped dart
Armour
 b - a +2 cloak (melded)
 v - the +4 robe of Augmentation (melded) {Str+4 Int+4 Dex+4}
   (You found it on level 4 of the Dungeon)

   Str+4:     It affects your strength (+4).
   Int+4:     It affects your intelligence (+4).
   Dex+4:     It affects your dexterity (+4).
Jewellery
 m - a ring of protection from fire
 s - a +4 ring of protection (right branch)
 B - a ring of protection from cold
 E - a +4 ring of slaying (left branch)
 M - an amulet of regeneration (around neck)
 P - a ring of willpower
Wands
 d - a wand of flame (38)
 w - a wand of digging (4)
 x - a wand of quicksilver (3)
 C - a wand of mindburst (2)
 F - a wand of roots (24)
 J - a wand of paralysis (7)
Scrolls
 f - a scroll of enchant armour
 g - a scroll of amnesia
 o - 2 scrolls of silence
 u - a scroll of fear
 y - 4 scrolls of immolation
 A - 4 scrolls of revelation
 D - 10 scrolls of teleportation
 T - 5 scrolls of identify
 U - a scroll of fog
Potions
 e - a potion of lignification
 h - 6 potions of magic
 j - 7 potions of curing
 n - 2 potions of attraction
 p - 6 potions of brilliance
 I - 3 potions of enlightenment
 Z - a potion of cancellation
Miscellaneous
 G - a phantom mirror (inert)


   Skills:
 * Level 7.9 Fighting
 * Level 7.3(7.8) Axes
 + Level 4.3(6.3) Polearms
 + Level 2.1 Throwing
 * Level 6.9 Armour
 * Level 7.0 Dodging
 + Level 4.6 Stealth
 * Level 6.6 Unarmed Combat
 * Level 6.5 Spellcasting
 + Level 4.0 Conjurations
 + Level 4.2 Hexes
 * Level 7.2 Necromancy
 + Level 3.9 Translocations
 + Level 3.7 Ice Magic
 + Level 0.5 Alchemy
 + Level 4.0 Evocations


You had 4 spell levels left.
You knew the following spells:

 Your Spells              Type           Power      Damage    Failure   Level
a - Metabolic Englaciati  Hex/Ice        6%         N/A       69%         5
b - Blink                 Tloc           24%        N/A       5%          2
c - Momentum Strike       Conj/Tloc      24%        3d8       5%          2
d - Ozocubu's Armour      Ice            11%        N/A       12%         3
e - Passwall              Erth           3%         N/A       50%         3
f - Lesser Beckoning      Tloc           24%        N/A       5%          2
g - Fulminant Prism       Conj/Alch      4%         3d5       58%         4

Your spell library contained the following spells:

 Spells                   Type           Power      Damage    Failure   Level
 Sublimation of Blood     Necr           19%        N/A       1%          2
 Dazzling Flash           Conj/Hex       24%        N/A       10%         3
 Sigil of Binding         Hex            12%        N/A       10%         3
 Sandblast                Erth           6%         2d5       19%         1
 Stone Arrow              Conj/Erth      16%        3d8       24%         3
 Volatile Blastmotes      Fire/Tloc      14%        2d11      24%         3
 Dimensional Bullseye     Hex/Tloc       6%         N/A       34%         4
 Iskenderun's Mystic Bla  Conj/Tloc      12%        2d5       34%         4
 Call Canine Familiar     Summ           3%         N/A       50%         3
 Brom's Barrelling Bould  Conj/Erth      8%         2d3       63%         4
 Ignite Poison            Fire/Alch      4%         N/A       86%         4
 Petrify                  Alch/Erth      4%         N/A       86%         4
 Sticky Flame             Fire/Alch      4%         2d4       86%         4
 Irradiate                Conj/Alch      4%         3d13      90%         5
 Sculpt Simulacrum        Ice/Alch       4%         N/A       100%        6
 Starburst                Conj/Fire      4%         6d3       100%        6
 Ignition                 Fire           1%         3d3       100%        8
 Maxwell's Capacitive Co  Air            1%         ∞         100%        8


Dungeon Overview and Level Annotations

Branches:
Dungeon (14/15)            Temple (1/1) D:4            Lair (0/5) D:11
    Orc (0/2) D:11         Vaults (0/5) D:14          Sewer (visited)
Ossuary (visited)          Bailey (visited)

Altars:
Ashenzari
Cheibriados
Dithmenos
Fedhas
Gozag
Hepliaklqana
Kikubaaqudgha
Makhleb
Nemelex Xobeh
Okawaru
Qazlal
Ru
Sif Muna
Trog
Uskayaw
Vehumet
Wu Jian
Xom
Yredelemnul

Shops:
D:6 (

Annotations:
D:11 3 runed translucent doors


Innate Abilities, Weirdness & Mutations

You are a tree.
Your roots penetrate the ground, keeping you stationary.
You cannot be teleported.
You are immune to unholy pain and torment.
Your maximum health is greatly increased.
Your equipment is partially melded.
((You have a pair of antennae on your head.))
Your demonic aura sometimes causes spilled blood to erupt in flames.
You sometimes gain a little power by taking damage.
((You have a tail ending in a sharp stinger.))
((Your touch may inflict irresistible damage on your foes.))
((You are partially covered in large bone plates. (SH +4)))
You have a somewhat thin skeletal structure. (Dex +2, Stealth+)
You have supernaturally acute eyesight. (SInv)
You are agile. (Dex +4, Str/Int -1)
You are very weak. (Str -4)
((Your movements are slightly less encumbered by armour. (ER -2)))


Message History

The vault guard resists with almost no effort.
Aiming: Paralyse
Press: ? - help, Shift-Dir - straight line, f/p - vault guard
Aim: a vault guard, wielding a +0 great mace and wearing a +0 chain mail (chance to affect: 25%)
The vault guard resists with almost no effort.
Aiming: Paralyse
Press: ? - help, Shift-Dir - straight line, f/p - vault guard
Aim: a vault guard, wielding a +0 great mace and wearing a +0 chain mail (chance to affect: 25%)
The vault guard resists with almost no effort.
You hit the vault guard but do no damage.
The vault guard seems to speed up.
The vault guard completely misses you.
The vault guard hits you with a +0 great mace.
You hit the vault guard but do no damage.
The vault guard flies into a frenzy!
Xom thinks this is hilarious!
The vault guard hits you with a +0 great mace!!
You focus on the pain.
You feel agile all of a sudden.
The vault guard hits you with a +0 great mace!
Okay, then.
Okay, then.
Okay, then.
The vault guard attacks as it pursues you!
You block the vault guard's attack.
The vault guard hits you but does no damage.
The vault guard shouts!
The vault guard shouts!
The vault guard hits you with a +0 great mace!!
* * * LOW HITPOINT WARNING * * *
Okay, then.
The vault guard attacks as it pursues you!
The vault guard hits you with a +0 great mace!
* * * LOW HITPOINT WARNING * * *
Okay, then.
You turn into a tree.
Your +2 cloak melds into your body.
The +4 robe of Augmentation {Str+4 Int+4 Dex+4} melds into your body.
Your roots penetrate the ground.
The vault guard is engulfed in blazing flames.
The vault guard hits you with a +0 great mace!
You die...

#.##..#..## #.............
##....###..# #.......###...
#.....###..# ###....####...
##........## #....#.##...
######....# ##.##......## #####
##...####..##.....## #...####
####....#...##.....###
#......#####.#.................#.
#..........#.#..♣................
##.............p###..........#...
##................#.........##...
#.....#..#.........)........##...
###..#######......>[.............
#.....#####......................
##....##.........................
###.###.....................#....
#....##.........#.#.........##...


You could see a neutral vault guard (fast, strong, frenzied).

Vanquished Creatures
  2 vault guards (D:13)
  2 boulder beetles
  3 centaur warriors (D:13)
  The ghost of justen the Cleaver, a novice MDBe of Trog (D:8)
  Erica (D:8)
  2 two-headed ogres
  2 deep elf pyromancers (D:13)
  4 manticores
  An ugly thing (D:12)
  A cyclops (D:11)
  A meliai (D:11)
  2 gargoyles
  2 unseen horrors
  2 orange demons (D:12)
  Maggie (D:10)
  3 kobold demonologists (D:12)
  A rime drake (D:11)
  Psyche (D:8)
  An efreet (D:13)
  3 trolls
  3 shadows
  3 spriggans (Bailey)
  2 wyverns
  17 yaks
  2 steam dragons
  A basilisk (D:11)
  2 wraiths
  Duvessa (D:6)
  An acid dragon (D:13)
  A water moccasin (D:7)
  2 orc warriors
  5 ice beasts
  2 laughing skulls (D:13)
  A black bear (D:5)
  8 ogres
  4 wolves (D:11)
  4 centaurs
  A phantom (D:6)
  5 kobold brigands
  6 bullfrogs
  A gnoll sergeant (D:9)
  3 scorpions (D:12)
  8 wights (D:8)
  Dowan (D:6)
  12 howler monkeys
  2 bombardier beetles
  A gnoll bouda (D:5)
  A jelly (D:8)
  4 bullfrog zombies (Ossuary)
  6 orc priests
  3 iguanas
  Ijyb (D:4)
  4 mummies (Ossuary)
  12 orc wizards
  4 crocodile zombies (Ossuary)
  8 hound zombies (Ossuary)
  3 howler monkey zombies (Ossuary)
  15 gnolls
  7 adders
  A white imp (D:7)
  12 dart slugs
  A ribbon worm (D:3)
  29 orcs
  5 bats
  11 endoplasms
  9 giant cockroaches
  2 goblins (D:1)
  6 hobgoblins
  6 jackals
  5 quokkas (D:3)
  6 ball pythons
  5 ball python zombies (Ossuary)
  4 frilled lizards
  29 kobolds
  12 rats
  A spectral orc (D:5)
347 creatures vanquished.

Vanquished Creatures (collateral kills)
  An ugly thing (D:13)
  An orange demon (D:12)
  A troll (D:13)
  4 centaurs (D:13)
  An orc priest (D:6)
  An orc wizard (D:7)
  An orc (D:6)
10 creatures vanquished.

Vanquished Creatures (others)
  An ugly thing (D:13)
  A scorpion (D:12)
2 creatures vanquished.

Grand Total: 359 creatures vanquished

Notes
Turn   | Place    | Note
-------+----------+-------------------------------------------
     0 | D:1      | ezpacito the Demonspawn Chaos Knight began the quest for
                  | the Orb.
     0 | D:1      | Reached XP level 1. HP: 18/18 MP: 1/1
     2 | D:1      | Found a runed translucent door.
    18 | D:1      | Reached skill level 1 in Dodging
   113 | D:1      | XOM: cleaving
   127 | D:1      | Discovered your monstrous ancestry.
   127 | D:1      | Gained mutation: You have a small tail. [demonic ancestry]
   127 | D:1      | Reached XP level 2. HP: 23/24 MP: 2/2
   586 | D:1      | XOM is BORED!
   874 | D:1      | a rat changed into a centaur
   874 | D:1      | Noticed a centaur
   874 | D:1      | XOM: polymorph rat -> centaur
   887 | D:1      | Killed a centaur
   888 | D:1      | Reached skill level 1 in Unarmed Combat
   888 | D:1      | Reached skill level 1 in Spellcasting
   888 | D:1      | Gained mutation: You sometimes gain a little power by
                  | taking damage. [demonic ancestry]
   888 | D:1      | Reached XP level 3. HP: 19/29 MP: 4/4
   888 | D:1      | Reached XP level 4. HP: 24/35 MP: 5/5
  1054 | D:2      | Reached XP level 5. HP: 41/41 MP: 7/7
  1427 | D:2      | Learned a level 5 spell: Metabolic Englaciation
  1621 | D:2      | Identified the +6 falchion "Nobbe" {pain, *Noise rF++
                  | Str+3}
  1662 | D:2      | XOM: summons 2 hostile demons
  1840 | D:2      | XOM: enchant monster (good)
  2113 | D:3      | Found a snail-covered altar of Cheibriados.
  2121 | D:3      | Reached skill level 1 in Polearms
  2186 | D:3      | Found a sacrificial altar of Ru.
  2195 | D:3      | Reached skill level 1 in Stealth
  2195 | D:3      | Gained mutation: You have a pair of small antennae on your
                  | head. [demonic ancestry]
  2195 | D:3      | Reached XP level 6. HP: 20/48 MP: 8/8
  2223 | D:3      | Found a glowing drain.
  2241 | D:3      | XOM: 1-stop teleportation journey
  2305 | D:3      | XOM: 2-stop teleportation journey
  2357 | Sewer    | Entered a sewer
  2919 | D:3      | Found a sparkling altar of Nemelex Xobeh.
  2990 | D:3      | XOM: summons 2 hostile demons
  3052 | D:3      | XOM: cloud trail
  3332 | D:4      | Identified the +5 chain mail "Agal" {+Blink rF+ MP+9}
  3581 | D:4      | Found the +4 robe of Augmentation {Str+4 Int+4 Dex+4}
  3585 | D:4      | Found a sand-covered staircase.
  3617 | Ossuary  | Entered an ossuary
  3625 | Ossuary  | Learned a level 2 spell: Blink
  3628 | Ossuary  | Learned a level 2 spell: Momentum Strike
  3628 | Ossuary  | XOM: destruction
  3656 | Ossuary  | Gained mutation: Your demonic aura sometimes causes spilled
                  | blood to erupt in flames. [demonic ancestry]
  3656 | Ossuary  | Reached XP level 7. HP: 25/54 MP: 10/10
  3838 | Ossuary  | Reached skill level 1 in Hexes
  3909 | Ossuary  | XOM: enchant monster (good)
  3923 | Ossuary  | Reached skill level 1 in Necromancy
  4105 | Ossuary  | XOM: divination: detect items
  4206 | Ossuary  | Reached skill level 1 in Evocations
  4284 | Ossuary  | Reached skill level 5 in Fighting
  4284 | Ossuary  | Reached skill level 5 in Axes
  4284 | Ossuary  | Gained mutation: You have a pair of antennae on your head.
                  | [demonic ancestry]
  4284 | Ossuary  | Reached XP level 8. HP: 64/64 MP: 11/14
  4285 | Ossuary  | Gained mutation: You are dopey. (Int -2) [potion of
                  | mutation]
  4285 | Ossuary  | Gained mutation: You are vulnerable to cold. (rC-) [potion
                  | of mutation]
  4285 | Ossuary  | Gained mutation: You passively map a small area around you.
                  | [potion of mutation]
  4333 | D:4      | XOM: silly message
  4355 | D:4      | Noticed Ijyb
  4380 | D:4      | Killed Ijyb
  4558 | D:4      | Learned a level 3 spell: Ozocubu's Armour
  4562 | D:4      | Learned a level 3 spell: Passwall
  4562 | D:4      | Found a staircase to the Ecumenical Temple.
  4592 | Temple   | Entered the Ecumenical Temple
  4752 | D:5      | Entered Level 5 of the Dungeon
  4905 | D:5      | Gained mutation: Your touch may inflict minor irresistible
                  | damage on your foes. [demonic ancestry]
  4905 | D:5      | Reached XP level 9. HP: 69/69 MP: 15/15
  4915 | D:5      | Found an iron altar of Okawaru.
  5061 | D:5      | XOM: cast spell 'Fugue of the Fallen'
  5294 | D:5      | XOM: destruction
  5351 | D:5      | XOM: silly message
  5478 | D:5      | XOM: give mutations
  5478 | D:5      | Gained mutation: Your movements are slightly less
                  | encumbered by armour. (ER -2) [Xom's mischief]
  5478 | D:5      | Gained mutation: You are weak. (Str -2) [Xom's mischief]
  5478 | D:5      | Lost mutation: You are vulnerable to cold. (rC-) [Xom's
                  | mischief]
  5752 | D:5      | XOM: give mutations
  5752 | D:5      | Gained mutation: You have sharp toenails. [Xom's grace]
  5752 | D:5      | Gained mutation: You have hidden genetic potential. [Xom's
                  | grace]
  5752 | D:5      | Lost mutation: You are dopey. (Int -2) [Xom's grace]
  5793 | D:5      | XOM: god gift: phantom mirror
  5899 | D:5      | Found a hazy altar of Hepliaklqana.
  6008 | D:5      | XOM: give mutations
  6008 | D:5      | Gained mutation: You possess an exceptional clarity of
                  | mind. [Xom's grace]
  6008 | D:5      | Gained mutation: You have a somewhat thin skeletal
                  | structure. (Dex +2, Stealth+) [Xom's grace]
  6161 | D:6      | XOM: summons 4 friendly demons
  6162 | D:6      | Noticed Dowan
  6169 | D:6      | Noticed Duvessa
  6176 | D:6      | Found Dilemm's Weapon Emporium.
  6182 | D:6      | Killed Dowan
  6189 | D:6      | Reached skill level 5 in Armour
  6189 | D:6      | Killed Duvessa
  6342 | D:6      | XOM: divination: detect items
  6501 | D:6      | Found a burning altar of Makhleb.
  6660 | D:7      | Found a bloodstained altar of Trog.
  6667 | D:7      | XOM: divination: detect items
  6671 | D:7      | XOM: summons 7 friendly demons
  6851 | D:7      | Noticed a two-headed ogre
  6859 | D:7      | XOM: butterfly on damage
  6861 | D:7      | Killed a two-headed ogre
  7137 | D:7      | XOM: scenery: create altars
  7143 | D:7      | Learned a level 2 spell: Lesser Beckoning
  7248 | D:7      | Found a shimmering blue altar of Sif Muna.
  7306 | D:7      | Reached skill level 5 in Dodging
  7432 | D:7      | Gained mutation: Your touch may inflict irresistible damage
                  | on your foes. [demonic ancestry]
  7432 | D:7      | Reached XP level 10. HP: 76/76 MP: 17/17
  7726 | D:8      | Found a runed translucent gate.
  7726 | D:8      | Found a runed translucent gate.
  7726 | D:8      | Found a runed translucent gate.
  7731 | D:8      | Noticed justen's ghost (novice MDBe)
  7763 | D:8      | Noticed Erica
  7763 | D:8      | Paralysed by Erica for 5 turns
  7772 | D:8      | Killed Erica
  7772 | D:8      | XOM: smoke on damage
  7773 | D:8      | Reached skill level 5 in Necromancy
  7790 | D:8      | Gained mutation: You are robust. (+10% HP) [hidden
                  | potential]
  7860 | D:8      | Reached skill level 5 in Unarmed Combat
  7861 | D:8      | XOM: summons 10 friendly demons
  7863 | D:8      | XOM: fog
  7871 | D:8      | XOM: enchant monster (good)
  8119 | D:8      | Noticed Psyche
  8128 | D:8      | Killed Psyche
  8159 | D:8      | Found a broken altar of Ashenzari.
  8176 | D:8      | XOM: blink monster(s)
  8594 | D:8      | Found an ornate altar of the Wu Jian Council.
  8594 | D:8      | Found a hide-covered altar of Uskayaw.
  8640 | D:8      | XOM: scenery: create altars
  8646 | D:8      | Reached skill level 5 in Spellcasting
  8658 | D:8      | XOM: give mutation
  8658 | D:8      | Gained mutation: You are partially covered in large bone
                  | plates. (SH +4) [Xom's grace]
  8661 | D:8      | Killed justen's ghost
  8989 | D:9      | XOM: 7-stop teleportation journey
  9355 | D:10     | Entered Level 10 of the Dungeon
  9387 | D:10     | Gained mutation: You have a tail ending in a sharp stinger.
                  | [demonic ancestry]
  9387 | D:10     | Reached XP level 11. HP: 85/91 MP: 18/18
  9404 | D:10     | XOM: scenery: 2 doors open
  9452 | D:10     | Found a flagged portal.
  9471 | Bailey   | Entered a bailey
  9569 | Bailey   | Noticed a two-headed ogre
  9578 | Bailey   | Killed a two-headed ogre
  9639 | Bailey   | XOM: summons 4 hostile shadow creatures
  9754 | D:10     | XOM: summons 6 hostile demons
  9782 | D:10     | XOM: give mutations
  9782 | D:10     | Lost mutation: You have sharp toenails. [Xom's mischief]
  9782 | D:10     | Gained mutation: You have supernaturally acute eyesight.
                  | (SInv) [Xom's mischief]
  9791 | D:10     | XOM: summons 6 hostile demons
  9833 | D:10     | Found a shadowy altar of Dithmenos.
  9840 | D:10     | XOM: summons 6 hostile demons
 10130 | D:10     | Noticed Maggie
 10140 | D:10     | Killed Maggie
 10253 | D:10     | XOM: enchant monster (bad)
 10386 | D:10     | XOM: give mutations
 10386 | D:10     | Lost mutation: You have hidden genetic potential. [Xom's
                  | mischief]
 10386 | D:10     | Gained mutation: You are agile. (Dex +4, Str/Int -1) [Xom's
                  | mischief]
 10386 | D:10     | Lost mutation: You passively map a small area around you.
                  | [Xom's mischief]
 10386 | D:10     | Lost mutation: You are agile. (Dex +4, Str/Int -1) [Xom's
                  | mischief]
 10880 | D:11     | Found a runed translucent gate.
 10880 | D:11     | Found a runed translucent gate.
 10881 | D:11     | Found a runed translucent gate.
 11002 | D:11     | Found a staircase to the Orcish Mines.
 11003 | D:11     | Identified a scroll of acquirement
 11004 | D:11     | Acquired the +3 Elemental Staff {ele, rElec rF+ rC+ AC+3}
 11004 | D:11     | Found the +3 Elemental Staff {ele, rElec rF+ rC+ AC+3}
 11063 | D:11     | XOM: fog
 11069 | D:11     | XOM: enchant monster (good)
 11078 | D:11     | Reached skill level 1 in Throwing
 11083 | D:11     | Found a staircase to the Lair.
 11108 | D:11     | Learned a level 4 spell: Fulminant Prism
 11344 | D:11     | XOM: noise
 11414 | D:11     | Reached XP level 12. HP: 95/100 MP: 20/20
 11484 | D:11     | XOM: noise
 11538 | D:12     | Noticed a boulder beetle
 11545 | D:12     | XOM: give mutations
 11545 | D:12     | Lost mutation: You possess an exceptional clarity of mind.
                  | [Xom's mischief]
 11545 | D:12     | Gained mutation: You are very weak. (Str -4) [Xom's
                  | mischief]
 11545 | D:12     | Lost mutation: You are robust. (+10% HP) [Xom's mischief]
 11545 | D:12     | Gained mutation: You are agile. (Dex +4, Str/Int -1) [Xom's
                  | mischief]
 11553 | D:12     | Killed a boulder beetle
 11593 | D:12     | XOM: cleaving
 11597 | D:12     | XOM: summons friendly crimson imp
 11660 | D:12     | XOM: divination: magic mapping
 11905 | D:12     | XOM: potion effect (haste)
 11999 | D:12     | XOM: summons friendly quasit
 12252 | D:13     | Noticed a centaur warrior
 12264 | D:13     | Noticed a centaur warrior
 12266 | D:13     | Noticed a boulder beetle
 12267 | D:13     | Noticed a centaur warrior
 12279 | D:13     | XOM: blink monster(s)
 12307 | D:13     | Killed a centaur warrior
 12309 | D:13     | Killed a centaur warrior
 12309 | D:13     | Killed a centaur warrior
 12342 | D:13     | Killed a boulder beetle
 12443 | D:13     | Found Xovvyizi's Magic Scroll Shoppe.
 12451 | D:13     | Bought a scroll of identify for 26 gold pieces
 12451 | D:13     | Bought a scroll of identify for 26 gold pieces
 12451 | D:13     | Bought a scroll of teleportation for 39 gold pieces
 12451 | D:13     | Bought a scroll of teleportation for 39 gold pieces
 12451 | D:13     | Bought a scroll of teleportation for 39 gold pieces
 12451 | D:13     | Bought a scroll of immolation for 52 gold pieces
 12451 | D:13     | Bought a scroll of enchant armour for 97 gold pieces
 12451 | D:13     | Bought a scroll of amnesia for 52 gold pieces
 12451 | D:13     | Bought a scroll of blinking for 97 gold pieces
 12583 | D:13     | XOM: god gift: +2 executioner's axe of chaos
 12641 | D:13     | XOM: cast spell 'Discord'
 12845 | D:14     | XOM: confusion (+ monsters)
 12848 | D:14     | XOM: cleaving
 12878 | D:14     | Noticed a vault guard
 12878 | D:14     | Noticed a vault guard
 12878 | D:14     | Noticed a vault guard
 12879 | D:14     | Found a gate to the Vaults.
 12879 | D:14     | Noticed a vault guard
 12879 | D:14     | Noticed a vault guard
 12879 | D:14     | Noticed a vault guard
 12879 | D:14     | Noticed a vault guard
 12984 | D:13     | Killed a vault guard
 13031 | D:14     | XOM: divination: detect creatures
 13039 | D:13     | Killed a vault guard
 13040 | D:13     | Reached XP level 13. HP: 69/98 MP: 22/22
 13050 | D:13     | Slain by a vault guard

Illustrated notes

Levels and vault maps discovered:
D:1:      dpeg_arrival_caged_fury, layout_basic, minmay_hexomino_f4
D:2:      layout_loops_corners, dreamdust_princess_corridor, nrook_mini_vaults
D:3:      kennysheep_slugbush, layout_rooms, mainiacjoe_overflow_chevrons,
          nemelex_altar_shiori, mainiacjoe_overflow_paths, zin_treasury,
          portal_sewer_entry_f
D:4:      layout_rooms, tso_altar, minmay_temple_entry_ruins, serial_glass,
          glass_columns_c, glass_columns_c, glass_columns_b, glass_columns_c,
          glass_columns_a, glass_columns_a, glass_columns_a, glass_columns_c,
          nicolae_ossuary_entry_false_entrances, uniq_ijyb
D:5:      layout_layer_cave, nicolae_hepliaklqana_monster_ancestors,
          okawaru_gym_becter
D:6:      layout_rooms, mainiacjoe_overflow_alcove_2, serial_shops,
          nicolae_shop_bloodbath_and_beyond, uniq_duvessa
D:7:      layout_loops_corners, lemuel_blue_sif_altar, overflow_temple_1_default
D:8:      layout_cave_pools, nicolae_ashenzari_panopticon,
          gammafunk_temple_overflow_wave, gammafunk_ghost_split, uniq_erica,
          uniq_psyche
D:9:      layout_basic
D:10:     layout_irregular_city, grunt_dithmenos_shadows, enter_bailey_2,
          uniq_maggie
D:11:     cheibrodos_iron_armory, layout_loops_corners, hellmonk_lair_entry_icy,
          orc_0_dummy
D:12:     layout_cave_pools, serial_glass, glass_columns_b, glass_columns_a,
          glass_columns_a, glass_columns_c, glass_columns_a, glass_columns_a,
          glass_columns_b, glass_columns_a, glass_columns_c, glass_columns_b,
          einodemon_barbed_minivault
D:13:     layout_cave_pools, serial_shops, shop
D:14:     regret_index_infernal_bastille, layout_rooms, erik_vaults_2,
          serial_rivers, chequers_serial_rivers_micro_d,
          chequers_serial_rivers_micro_e, chequers_serial_rivers_micro_b,
          chequers_serial_rivers_small_b, chequers_serial_rivers_micro_d,
          chequers_serial_rivers_room_a, kennysheep_doodads, st_stairs_11,
          minmay_gold_behind_fungi, hangedman_tell_no_tales
Temple:   hellmonk_temple_two_chambers

Skill      XL: |  1  2  3  4  5  6  7  8  9 10 11 12 |
---------------+-------------------------------------+-----
Dodging        | 1 2 4 5 6 7 |  7.0
Armour         | 2 3 4 5 6 |  6.9
Axes           | 3 5 6 7 |  7.3
Unarmed Combat | 1 2 4 5 6 |  6.6
Spellcasting   | 1 2 4 5 6 |  6.5
Polearms       | 1 2 3 4 |  4.3
Stealth        | 1 3 4 |  4.6
Fighting       | 4 5 6 7 |  7.9
Hexes          | 2 3 4 |  4.2
Necromancy     | 4 5 6 7 |  7.2
Evocations     | 2 3 4 |  4.0
Conjurations   | 2 3 4 |  4.0
Translocations | 2 3 |  3.9
Ice Magic      | 2 3 |  3.7
Throwing       | 1 2 |  2.1
Alchemy        | |  0.5

Action                     |  1- 3 |  4- 6 |  7- 9 | 10-12 | 13-15 || total
---------------------------+-------+-------+-------+-------+-------++-------
  Melee: Hand axe          |    71 |   211 |   296 |   381 |       ||   959
         Tailslap          |     7 |    38 |    62 |    91 |       ||   198
         Falchion          |       |    57 |       |       |       ||    57
         Kick              |       |       |    32 |    51 |       ||    83
         Touch             |       |       |    23 |    98 |       ||   121
         Executioner's axe |       |       |       |    22 |     2 ||    24
   Cast: Ozocubu's Armour  |       |       |       |     1 |       ||     1
  Evoke: Wand              |       |       |     5 |    33 |     4 ||    42
         Phantom mirror    |       |       |       |     3 |       ||     3
    Use: Potion            |     2 |     1 |    12 |    15 |     1 ||    31
         Scroll            |       |     8 |     4 |    31 |       ||    43
   Stab: Confused          |     1 |       |     7 |     7 |       ||    15
         Sleeping          |       |     3 |    13 |    19 |       ||    35
         Petrified         |       |     6 |    10 |       |       ||    16
         Petrifying        |       |     1 |     2 |       |       ||     3
         Distracted        |       |       |     1 |     1 |       ||     2
         Paralysed         |       |       |       |     7 |       ||     7
 Armour: Leather armour    |    45 |   194 |       |       |       ||   239
         Chain mail        |       |    20 |       |       |       ||    20
         Robe              |       |     8 |   175 |   372 |     6 ||   561
         Skin              |       |       |       |       |     1 ||     1
  Dodge: Dodged            |    57 |   195 |   197 |   477 |     1 ||   927
  Block: Other             |       |       |       |    72 |     1 ||    73

Table legend: (Time is in decaauts)
 A = Elapsed time spent in this place.
 B = Non-inter-level travel time spent in this place.
 C = Inter-level travel time spent in this place.
 D = Time resting spent in this place.
 E = Time spent auto-exploring this place.
 F = Levels seen in this place.
 G = Mean time per level.
                   A        B        C        D        E       F      G
               +--------+--------+--------+--------+--------+-----+--------+
         Total |  13147 |  12597 |    550 |    163 |   9292 |  18 |  730.4 |
       Dungeon |  11759 |  11210 |    549 |    144 |   8553 |  14 |  839.9 |
        Temple |     29 |     29 |      0 |      0 |     28 |   1 |   29.0 |
         Sewer |    360 |    360 |      0 |      0 |    205 |   1 |  360.0 |
       Ossuary |    743 |    743 |      0 |      1 |    438 |   1 |  743.0 |
        Bailey |    254 |    254 |      0 |     18 |     67 |   1 |  254.0 |
               +--------+--------+--------+--------+--------+-----+--------+

Top non-repeatable levels by time:
     D:5: 1405 daAuts
     D:2: 1119 daAuts
     D:7: 1075 daAuts
    D:11: 992 daAuts
     D:8: 959 daAuts
     D:3: 944 daAuts
     D:1: 928 daAuts
    D:10: 927 daAuts
     D:4: 763 daAuts
 Ossuary: 743 daAuts
    D:13: 738 daAuts
    D:12: 669 daAuts
     D:9: 658 daAuts
     D:6: 474 daAuts
   Sewer: 360 daAuts
